 Dungeon Crawl Stone Soup version 0.30-a0-857-gcaf70739d4 (webtiles) character file.

Game seed: 2187677862433501312

317 SkeletonJelly the Chopper (level 6, -2/47 HPs)
             Began as a Demonspawn Chaos Knight on Mar 5, 2023.
             Was a Plaything of Xom.
             Slain by Crazy Yiuf
             ... wielding a +4 quarterstaff of chaos
              (3 damage)
             ... on level 3 of the Dungeon.
             The game lasted 00:03:55 (2348 turns).

SkeletonJelly the Chopper (Demonspawn Chaos Knight) Turns: 2348, Time: 00:03:55

Health: -2/47      AC:  7    Str: 17    XL:     6   Next: 20%
Magic:  6/6        EV: 11    Int: 15    God:    Xom [.....*]
Gold:   159        SH: 10    Dex: 13    Spells: 5/5 levels left

rFire   . . .      SeeInvis .    a - +0 hand axe (chaos)
rCold   . . .      Faith    .    (no shield)
rNeg    . . .      Spirit   .    b - +2 leather armour
rPois   .          Reflect  .    (no helmet)
rElec   .          Rampage  .    (no cloak)
rCorr   .                        q - +1 pair of gloves of Makhleb's Inspiration {Str+3 Int+2}
Will    .....                    (no boots)
Stlth   +                        (no amulet)
HPRegen 0.27/turn                (no ring)
MPRegen 0.10/turn                (no ring)

@: lethally poisoned (-2 -> -5)
A: large bone plates 2, condensation shield
a: Renounce Religion


You were on level 3 of the Dungeon.
You worshipped Xom.
You were Xom's teddy bear.
You visited 1 branch of the dungeon, and saw 3 of its levels.

You collected 159 gold pieces.

Inventory:

Hand Weapons
 a - a +0 hand axe of chaos (weapon)
 d - a +1 whip of venom
Missiles
 k - 10 poisoned darts
 m - a javelin
Armour
 b - a +2 leather armour (worn)
 q - the +1 pair of gloves of Makhleb's Inspiration (worn) {Str+3 Int+2}
   (You found it on level 3 of the Dungeon)

   Str:       It affects your strength (+3).
   Int:       It affects your intelligence (+2).
 r - a +0 pair of gloves
Jewellery
 p - a ring of fire
Wands
 e - a wand of digging (2)
Scrolls
 i - 4 scrolls of identify {unknown}
 j - a scroll of amnesia {unknown}
 l - 2 scrolls of fear {unknown}
 n - a scroll of poison {unknown}
 o - a scroll of noise {unknown}
 s - a scroll of blinking {unknown}
 t - 2 scrolls of butterflies {unknown}
 u - a scroll of magic mapping {unknown}
 v - a scroll of immolation {unknown}
 w - a scroll of enchant weapon {unknown}
Potions
 f - a potion of resistance
 g - a potion of mutation {unknown}
 h - 5 potions of curing
 x - a potion of ambrosia {unknown}
Miscellaneous
 c - a piece from Xom's chessboard (15/15) (quivered)


   Skills:
 - Level 3.0 Fighting
 + Level 6.4 Axes
 - Level 1.7 Armour
 - Level 0.8 Dodging


You had 5 spell levels left.
You didn't know any spells.
Your spell library contained the following spells:

 Spells                   Type           Power      Damage    Failure   Level
 Scorch                   Fire           0%         2d5       43%         2
 Flame Wave               Conj/Fire      0%         2d4       97%         4
 Summon Cactus Giant      Summ           0%         N/A       100%        6


Dungeon Overview and Level Annotations

Branches:
Dungeon (3/15)

Altars:
Gozag
Okawaru

Shops:
D:3 *

Annotations:
D:3 2 transporters, Crazy Yiuf; hgbash's ghost, amateur DECj


Innate Abilities, Weirdness & Mutations

You are mostly covered in large bone plates. (SH +6)
A meltable shield of frost defends you. (SH +4)


Message History

You take 6 damage, and have 41/47 hp.
You closely miss the gnoll.
The gnoll is heavily wounded.
You hit the gnoll but do no damage.
Xom opens a gate.
The gnoll misses you. The gnoll hits you with a +0 spear.
The gnoll completely misses you.
You take 2 damage, and have 39/47 hp.
You hit the gnoll but do no damage.
The gnoll seems to grow stronger.
The gnoll is heavily wounded.
You hit the gnoll.
The gnoll is poisoned.
The gnoll closely misses you. The gnoll hits you with a +0 spear.
You block the gnoll's attack.
Your orange demon stings the gnoll!
The gnoll dies!
You take 2 damage, and have 37/47 hp.
You slash the gnoll! You punch the gnoll.
The gnoll is almost dead.
You block the gnoll's attack. The gnoll hits you with a +0 spear!
You take 7 damage, and have 30/47 hp.
You hit the gnoll but do no damage.
The gnoll is almost dead.
Your orange demon stings the gnoll.
The gnoll dies!
You block the gnoll's attack.
Your orange demon barely misses the gnoll.
Your orange demon hits the gnoll.
The gnoll looks weaker.
The gnoll hits you but does no damage.
Things that are here:
a +0 spear; a gnoll corpse You slash the gnoll!
The gnoll is heavily wounded.
Your orange demon stings the gnoll.
The gnoll looks as sick as possible!
Your orange demon poisons the gnoll!
Your orange demon hits the gnoll.
The gnoll dies!
No target in view!
No target in view!
No target in view!
No target in view!
No target in view!
Things that are here:
a +0 halberd; a gnoll corpse
x - a cyan potion Health restored: 47 Unknown command.
Unknown command.
Unknown command.
Unknown command.
Unknown command.
Found an iron altar of Okawaru.
Key pressed, stopping explore.
You swap places.
Key pressed, stopping explore.
You see here the felid skeleton of Natasha.
Key pressed, stopping explore.
Your orange demon disappears in a puff of smoke!
Key pressed, stopping explore.
Items here: )))) [[.
There is an open door here.
Crazy Yiuf shouts!
Could not explore, unopened runed door.
Could not explore, unopened runed door.
Could not explore, unopened runed door.
You open the door. You hit Crazy Yiuf but do no damage.
Crazy Yiuf hits you with a +4 quarterstaff of chaos.
You are poisoned.
You take 6 damage, and have 41/47 hp.
You hit Crazy Yiuf. You burn Crazy Yiuf.
Crazy Yiuf is lightly wounded.
You feel very sick.
Crazy Yiuf says, "Against boredom even gods struggle in vain."
Crazy Yiuf hits you with a +4 quarterstaff of chaos.
Crazy Yiuf freezes you.
You take 8 damage, and have 33/47 hp.
You hit Crazy Yiuf.
Crazy Yiuf is moderately wounded.
You feel very sick. You block Crazy Yiuf's attack.
You take 3 damage, and have 30/47 hp.
You hit Crazy Yiuf but do no damage.
Crazy Yiuf is moderately wounded.
You feel sick.
Crazy Yiuf hits you with a +4 quarterstaff of chaos!
You take 10 damage, and have 20/47 hp.
MASSIVE DAMAGE!!
You closely miss Crazy Yiuf.
Crazy Yiuf is moderately wounded.
You feel sick. You block Crazy Yiuf's attack.
You hit Crazy Yiuf but do no damage.
Crazy Yiuf is moderately wounded.
You feel sick.
Crazy Yiuf hits you with a +4 quarterstaff of chaos!
* * * LOW HITPOINT WARNING * * *
You take 12 damage, and have 8/47 hp.
MASSIVE DAMAGE!!
You hit Crazy Yiuf but do no damage.
Crazy Yiuf is moderately wounded.
You feel sick.
Crazy Yiuf hits you with a +4 quarterstaff of chaos.
* * * LOW HITPOINT WARNING * * *
Crazy Yiuf freezes you.
You die...

..#
####.########
#)### ..#
#...##
#...### ..#
#...# ###...#
### #...#
#####
#######.####
#...# #..)#
#.#.........
##...# #...#
#...........
#######>...#
...
###.........
#..........#
#g#
#.........
..######...#
♣♣@♣
#.........
### #...#
♣.♣♣
#.........
#...# ♣♣.♣
#.........
##.## ♣.♣♣
#.........
#.# ♣♣.♣♣
#......>..
#.# ♣.P.♣♣
##########
#.# ♣P...♣
#.# #....#
#.####'..+#


You could see Crazy Yiuf.

Vanquished Creatures
  An orc priest (D:3)
  Natasha (thrice) (D:3)
  Terence (D:3)
  2 orc wizards (D:3)
  5 adders
  8 orcs (D:3)
  2 bats (D:2)
  4 endoplasms
  2 giant cockroaches (D:2)
  5 hobgoblins
  3 jackals (D:3)
  4 quokkas
  3 ball pythons
  5 frilled lizards
  4 goblins
  5 kobolds
  6 rats
63 creatures vanquished.

Vanquished Creatures (collateral kills)
  3 gnolls (D:3)
3 creatures vanquished.

Vanquished Creatures (others)
  6 plants (D:3)
6 creatures vanquished.

Grand Total: 72 creatures vanquished

Notes
Turn   | Place    | Note
-------+----------+-------------------------------------------
     0 | D:1      | SkeletonJelly the Demonspawn Chaos Knight began the quest
                  | for the Orb.
     0 | D:1      | Reached XP level 1. HP: 18/18 MP: 1/1
    28 | D:1      | XOM: butterfly on damage
    41 | D:1      | Reached skill level 3 in Axes
   122 | D:1      | Gained mutation: A meltable shield of frost defends you.
                  | (SH +4) [demonic ancestry]
   122 | D:1      | Reached XP level 2. HP: 23/24 MP: 2/2
   706 | D:2      | Reached XP level 3. HP: 13/29 MP: 3/3
   786 | D:2      | XOM: snakes to sticks
   798 | D:2      | Reached skill level 4 in Axes
   965 | D:2      | XOM: cloud trail
  1275 | D:3      | Gained mutation: You are partially covered in large bone
                  | plates. (SH +4) [demonic ancestry]
  1275 | D:3      | Reached XP level 4. HP: 34/35 MP: 4/4
  1298 | D:3      | Noticed Natasha
  1306 | D:3      | Killed Natasha
  1344 | D:3      | Found a transporter.
  1483 | D:3      | Reached skill level 5 in Axes
  1504 | D:3      | Gained mutation: You are mostly covered in large bone
                  | plates. (SH +6) [demonic ancestry]
  1504 | D:3      | Reached XP level 5. HP: 41/41 MP: 5/5
  1543 | D:3      | Found an opulent altar of Gozag.
  1544 | D:3      | Noticed Natasha
  1546 | D:3      | Found Gozag's Platinum Reserve.
  1553 | D:3      | Killed Natasha
  1623 | D:3      | XOM: butterfly on damage
  1694 | D:3      | Noticed Terence
  1694 | D:3      | XOM: 1-stop teleportation journey
  1705 | D:3      | XOM: cast spell 'Disjunction'
  1718 | D:3      | XOM: confuse monster(s)
  1723 | D:3      | Killed Terence
  1724 | D:3      | Reached skill level 6 in Axes
  1876 | D:3      | Noticed Natasha
  1878 | D:3      | XOM: fake destruction
  1882 | D:3      | Killed Natasha
  1883 | D:3      | Reached XP level 6. HP: 38/47 MP: 6/6
  1895 | D:3      | Identified the +1 pair of gloves of Makhleb's Inspiration
                  | {Str+3 Int+2}
  1937 | D:3      | Found a transporter.
  1937 | D:3      | Identified the +5 halberd "Sarcophage" {venom, rF+ rC+ rN+}
  1946 | D:3      | Noticed hgbash's ghost (amateur DECj)
  2088 | D:3      | Found a runed translucent door.
  2089 | D:3      | Noticed Crazy Yiuf
  2152 | D:3      | XOM: summons friendly orange demon
  2236 | D:3      | Found an iron altar of Okawaru.
  2348 | D:3      | HP: 1/47 [Crazy Yiuf/+4 quarterstaff of chaos (6)]
  2348 | D:3      | Slain by Crazy Yiuf

Illustrated notes

Levels and vault maps discovered:
D:1:      erik_arrival_cave_to_civilisation [erik_arrival_cave_to_hall],
          layout_basic
D:2:      layout_rooms, dk_vineyard_1
D:3:      layout_rooms, lemuel_doored_altar, elyvilon_altar_1,
          nicolae_gozag_zags_fifth_avenue, gammafunk_ghost_gnarly_gnolls,
          kennysheep_generic_room_9, uniq_natasha, uniq_terence,
          uniq_crazy_yiuf_cottage

Skill      XL: |  1  2  3  4  5 |
---------------+----------------+-----
Axes           | 3 4 5 6 |  6.4
Fighting       | |  3.0
Armour         | |  1.7
Dodging        | |  0.8

Action                     |  1- 3 |  4- 6 || total
---------------------------+-------+-------++-------
  Melee: Hand axe          |   109 |   112 ||   221
         Punch             |       |     3 ||     3
  Throw: Dart              |       |     2 ||     2
  Evoke: Piece from Xom's  |       |     1 ||     1
    Use: Potion            |       |     5 ||     5
   Stab: Sleeping          |     1 |       ||     1
         Confused          |       |     2 ||     2
 Armour: Leather armour    |    30 |    17 ||    47
         Skin              |       |    11 ||    11
  Dodge: Dodged            |    56 |    42 ||    98
  Block: Other             |    14 |    42 ||    56

Table legend: (Time is in decaauts)
 A = Elapsed time spent in this place.
 B = Non-inter-level travel time spent in this place.
 C = Inter-level travel time spent in this place.
 D = Time resting spent in this place.
 E = Time spent auto-exploring this place.
 F = Levels seen in this place.
 G = Mean time per level.
                   A        B        C        D        E       F      G
               +--------+--------+--------+--------+--------+-----+--------+
         Total |   2363 |   2333 |     30 |      0 |   1835 |   3 |  787.7 |
       Dungeon |   2363 |   2333 |     30 |      0 |   1835 |   3 |  787.7 |
               +--------+--------+--------+--------+--------+-----+--------+

Top non-repeatable levels by time:
     D:3: 1101 daAuts
     D:1: 676 daAuts
     D:2: 585 daAuts
